Map: Triton LE

Players

AiLillekanin (Lillekanin)

  • Race: Terran Terran
  • League: Master
  • Spawn Location: 11:00

LiquidSnute (Snute) - Winner!

  • Race: Zerg Zerg
  • League: Grandmaster
  • Spawn Location: 5:00

Event: NationWars 2019

VOD

Have the link to the VOD?

Description

Time

  • Played on: Sept. 30, 2019, 4:29 p.m.
  • Length: 17:58

All games in this series

Show
View Real Time Build Order
Export as new Build Order

AiLillekanin Terran 

Build Orders: Gas First Reaper Expand, Hellion Opening, Mech 

Get SALT Encoding   

  12  0:00  SCV  
  13  0:13  SCV  
  14  0:17  Supply Depot  
  14  0:25  SCV  
  15  0:31  Refinery  
  15  0:38  SCV  
  16  0:44  Barracks  
  16  0:51  SCV  
  17  1:03  SCV  
  18  1:15  SCV  
  19  1:31  Reaper  
  19  1:32  Orbital Command  
  20  1:44  Command Center  
  20  1:58  SCV  
  20  1:59  Factory  
  21  2:12  Barracks Reactor, SCV  
  21  2:13  Refinery  
  22  2:23  Supply Depot  
  22  2:24  SCV  
  23  2:36  SCV  
  23  2:48  SCV, Starport  
  24  2:56  Hellion x2  
  24  2:58  Orbital Command  
  28  3:01  SCV  
  29  3:13  SCV  
  29  3:17  Hellion x2  
  34  3:24  SCV  
  34  3:25  SCV  
  36  3:32  Fusion Core, Starport Tech Lab  
  36  3:36  SCV  
  36  3:39  SCV  
  36  3:41  Supply Depot  
  38  3:48  SCV  
  39  3:51  SCV, Hellion x2  
  44  4:00  SCV  
  45  4:03  SCV  
  45  4:05  Supply Depot  
  46  4:12  SCV  
  46  4:16  SCV  
  48  4:20  Battlecruiser  
  54  4:26  SCV  
  54  4:29  SCV  
  56  4:31  Command Center  
  56  4:37  Supply Depot  
  56  4:39  SCV  
  56  4:41  SCV  
  56  4:42  Marine  
  59  4:51  SCV  
  60  4:53  SCV  
  60  4:54  Factory  
  60  4:56  Factory  
  60  4:58  Refinery x2  
  61  5:03  SCV, Hellion  
  61  5:04  Hellion  
  61  5:05  SCV  
  67  5:15  SCV  
  67  5:18  SCV  
  69  5:27  SCV  
  70  5:31  SCV  
  69  5:39  SCV  
  69  5:41  Factory Tech Lab x2  
  70  5:43  Supply Depot  
  70  5:46  SCV, Battlecruiser, Hellion x2  
  70  5:47  Orbital Command  
  81  5:51  SCV  
  82  5:58  SCV  
  82  6:03  SCV  
  82  6:08  Hellion x2  
  82  6:10  SCV  
  81  6:15  SCV, Orbital Command  
  78  6:22  SCV  
  78  6:24  Armory x2  
  79  6:25  Siege Tank  
  79  6:26  Siege Tank, Supply Depot  
  79  6:27  SCV, Supply Depot  
  86  6:33  Hellion x2  
  86  6:34  SCV  
  92  6:40  SCV, Factory  
  92  6:41  SCV  
  91  6:59  Hellion x2  
  91  7:00  SCV x2  
  97  7:07  Battlecruiser  
  99  7:14  SCV x3  
  100  7:26  SCV  
  100  7:27  Siege Tank, Factory, Hellion x2  
  108  7:30  SCV  
  108  7:35  Supply Depot  
  108  7:36  Supply Depot  
  109  7:41  Weapon Refit  
  109  7:43  Terran Vehicle Weapons Level 1  
  109  7:44  Refinery x2  
  109  7:45  SCV x2  
  105  7:58  Terran Vehicle And Ship Armor Level 1  
  99  8:00  SCV x2  
  99  8:02  SCV  
  102  8:08  Command Center  
  102  8:12  SCV x2  
  103  8:14  SCV  
  104  8:24  SCV x2  
  104  8:26  SCV  
  107  8:29  Battlecruiser  
  107  8:30  Factory Tech Lab x2  
  113  8:36  SCV x2  
  113  8:38  SCV  
  113  8:40  Siege Tank  
  119  8:48  SCV x2  
  121  8:50  SCV  
  121  8:51  Siege Tank  
  121  8:54  Engineering Bay  
  125  8:59  Siege Tank  
  125  9:00  SCV  
  125  9:01  Hellion  
  131  9:05  Supply Depot  
  131  9:06  Supply Depot  
  131  9:07  Supply Depot x2  
  131  9:08  Supply Depot  
  131  9:17  Hellion  
  131  9:19  Siege Tank  
  131  9:20  Hellion  
  131  9:23  Supply Depot  
  138  9:24  Supply Depot x2  
  138  9:32  Supply Depot  
  138  9:38  Siege Tank  
  138  9:39  Hellion x3  
  138  9:42  Raven  
  143  9:46  Thor, Supply Depot  
  143  9:47  Supply Depot  
  143  9:51  Thor  
  155  9:56  Terran Vehicle Weapons Level 2  
  155  10:00  Hellion x2  
  155  10:01  Missile Turret, Hellion  
  155  10:02  Missile Turret  
  155  10:03  Supply Depot  
  155  10:04  Supply Depot  
  155  10:05  Supply Depot  
  155  10:06  Supply Depot  
  161  10:07  Supply Depot  
  161  10:09  Supply Depot  
  161  10:12  Planetary Fortress  
  161  10:15  Siege Tank  
  159  10:31  Infernal Pre-Igniter  
  159  10:33  Smart Servos  
  159  10:40  Missile Turret  
  155  10:44  Siege Tank  
  155  10:45  Hellion x3  
  132  11:08  Siege Tank  
  132  11:09  Hellion x4  
  134  11:18  Siege Tank  
  133  11:28  Raven  
  133  11:30  Siege Tank  
  137  11:36  Hellion x3  
  137  11:39  Orbital Command  
  143  11:40  Hellion  
  143  11:41  Refinery  
  143  11:43  Refinery  
  142  11:49  Missile Turret  
  142  11:50  Hellion  
  142  11:52  Missile Turret  
  144  11:58  Hellion  
  144  11:59  Siege Tank  
  144  12:00  Hellion  
  146  12:02  Hellion x2  
  146  12:07  SCV  
  147  12:11  SCV x2  
  147  12:12  Hellion  
  147  12:17  Terran Vehicle Weapons Level 3  
  147  12:19  SCV, Hellion  
  147  12:21  Terran Vehicle And Ship Armor Level 2, Hellion  
  152  12:23  SCV  
  152  12:24  SCV  
  154  12:39  Siege Tank, Hellion  
  154  12:40  Hellion x3  
  162  12:52  Starport  
  162  13:00  Siege Tank, Hellion  
  162  13:01  Hellion  
  162  13:03  Siege Tank  
  162  13:04  Hellion  
  174  13:11  Hellion  
  176  13:17  Command Center  
  176  13:22  Hellion  
  176  13:23  Hellion  
  180  13:33  Thor x2  
  192  13:34  Starport Reactor  
  192  13:35  Hellion x2  
  196  13:47  Hellion x2  
  200  13:54  Supply Depot x2  
  182  13:56  Command Center  
  148  14:20  Thor  
  148  14:22  Hellion x3  
  146  14:24  Liberator  
  146  14:25  Liberator x2  
  146  14:29  Hellion x2  
  146  14:30  SCV, Command Center  
  145  14:43  Advanced Ballistics  
  152  14:47  Hellion x3  
  158  14:55  Thor  
  164  15:00  Terran Vehicle And Ship Armor Level 3  
  162  15:08  Missile Turret  
  162  15:18  SCV x2  
  164  15:24  Raven  
  164  15:26  Siege Tank  
  164  15:27  Siege Tank  
  162  15:34  Liberator x2  
  158  15:36  SCV x3  
  158  15:37  SCV  
  160  15:48  SCV x2  
  159  15:50  Liberator  
  159  15:56  Missile Turret  
  162  16:04  Missile Turret  
  162  16:06  Missile Turret  
  162  16:11  Orbital Command  
  165  16:17  Liberator x2  
  163  16:22  Thor  
  163  16:29  SCV  
  160  16:33  Thor  
  167  16:40  SCV x3  
  167  16:42  Hellion  
  167  16:43  Hellion  
  174  16:53  Thor  
  158  17:06  Siege Tank, Hellion  
  124  17:12  Hellion x2  
  109  17:21  SCV x2  
  74  17:31  SCV  
  74  17:33  SCV x2  
  56  17:44  SCV  
Show
View Real Time Build Order
Export as new Build Order

LiquidSnute Zerg - Winner!

Build Orders: Hatch First 

Get SALT Encoding   

  12  0:00  Drone  
  13  0:12  Overlord  
  13  0:17  Drone  
  14  0:31  Drone x2  
  14  0:34  Drone  
  17  0:51  Hatchery  
  17  0:54  Drone  
  17  0:57  Drone  
  18  1:05  Extractor  
  17  1:12  Spawning Pool  
  17  1:15  Drone  
  17  1:18  Drone  
  18  1:28  Drone  
  19  1:39  Overlord  
  19  1:59  Zergling x2, Queen  
  22  2:02  Zergling x2  
  22  2:03  Queen  
  22  2:05  Metabolic Boost  
  22  2:06  Drone  
  26  2:11  Zergling x2  
  27  2:18  Drone  
  27  2:22  Drone  
  29  2:25  Drone  
  30  2:34  Queen  
  32  2:37  Drone x2  
  34  2:45  Overlord  
  34  2:55  Hatchery  
  33  3:00  Overlord  
  33  3:01  Drone x2  
  33  3:05  Drone  
  36  3:07  Drone  
  36  3:11  Drone x3  
  40  3:14  Drone  
  40  3:15  Drone  
  42  3:21  Drone x2  
  42  3:24  Overlord  
  43  3:28  Queen  
  43  3:31  Drone  
  46  3:37  Drone  
  47  3:41  Queen  
  47  3:42  Overlord  
  47  3:46  Drone x3  
  52  3:50  Extractor  
  52  3:53  Roach Warren  
  52  3:54  Drone  
  51  3:59  Zergling x6  
  51  4:00  Zergling x2  
  55  4:09  Queen  
  55  4:11  Overlord  
  55  4:13  Overlord  
  55  4:33  Roach x4  
  55  4:34  Roach x5  
  55  4:38  Drone x2  
  75  4:40  Spore Crawler  
  74  4:46  Queen  
  76  4:54  Spore Crawler  
  76  4:55  Drone x3  
  76  4:58  Drone x2  
  80  5:01  Drone  
  80  5:03  Spore Crawler, Drone x2  
  82  5:08  Overlord  
  82  5:09  Drone  
  82  5:10  Drone  
  84  5:17  Drone x4  
  88  5:22  Drone x2  
  88  5:23  Overlord  
  88  5:25  Overlord  
  90  5:29  Drone x3  
  90  5:34  Overlord  
  91  5:35  Lair  
  91  5:41  Evolution Chamber x2  
  91  5:42  Drone x2  
  91  5:48  Queen x2  
  95  5:52  Drone x3  
  95  5:54  Drone x2  
  95  5:56  Extractor  
  96  6:07  Evolution Chamber  
  96  6:08  Drone x6, Evolution Chamber  
  96  6:09  Drone  
  98  6:13  Drone x2  
  98  6:14  Drone x2  
  98  6:16  Drone  
  98  6:18  Drone x3, Extractor x2  
  107  6:22  Extractor  
  105  6:26  Spore Crawler, Zerg Melee Weapons Level 1  
  105  6:27  Zerg Ground Armor Level 1  
  105  6:28  Drone x2  
  104  6:34  Glial Reconstitution  
  104  6:37  Infestation Pit  
  104  6:38  Drone x4  
  102  6:49  Zergling x16  
  106  6:57  Drone x2  
  106  6:58  Drone x2  
  106  7:00  Drone  
  103  7:09  Drone x4  
  106  7:19  Neural Parasite  
  104  7:27  Drone x3  
  104  7:28  Drone x5  
  104  7:29  Hatchery  
  110  7:33  Overlord  
  110  7:36  Overlord  
  110  7:40  Infestor x2  
  112  8:00  Infestor x3  
  112  8:03  Hydralisk Den  
  114  8:18  Extractor  
  113  8:22  Zerg Melee Weapons Level 2, Extractor, Zerg Missile Weapons Level 1  
  113  8:26  Drone x3  
  115  8:27  Hatchery  
  115  8:29  Drone x11  
  125  8:36  Burrow  
  125  8:47  Grooved Spines, Hydralisk x5  
  135  8:55  Overlord x3  
  135  8:56  Overlord  
  135  9:06  Spore Crawler  
  135  9:07  Pathogen Glands  
  135  9:08  Overlord  
  134  9:18  Spore Crawler  
  128  9:42  Infestor  
  128  9:43  Infestor x2  
  128  9:44  Drone x13  
  128  9:45  Drone x4  
  149  9:46  Drone x2  
  149  9:48  Hydralisk x9  
  149  9:52  Queen x2  
  173  9:54  Overlord  
  173  9:55  Hive  
  175  10:01  Spine Crawler  
  175  10:02  Spine Crawler  
  175  10:03  Spine Crawler  
  175  10:04  Muscular Augments, Spine Crawler  
  175  10:06  Ravager x3  
  173  10:18  Ravager x3  
  176  10:21  Zerg Missile Weapons Level 2  
  176  10:23  Drone x8  
  147  11:09  Roach x14  
  160  11:15  Infestor  
  160  11:16  Infestor x3  
  164  11:20  Spore Crawler, Spine Crawler  
  164  11:21  Drone x7  
  164  11:22  Spine Crawler  
  168  11:32  Roach x7  
  180  11:33  Queen x3  
  180  11:34  Extractor  
  180  11:35  Extractor  
  182  11:42  Roach x4  
  187  11:56  Drone x6  
  187  11:57  Roach  
  184  12:10  Overlord x2  
  184  12:12  Ravager x6  
  190  12:16  Spire  
  190  12:17  Zerg Melee Weapons Level 3  
  190  12:21  Ravager  
  180  12:35  Hydralisk x6  
  182  12:39  Zerg Missile Weapons Level 3  
  182  12:43  Zergling x30, Ravager x4  
  194  13:00  Queen x3  
  198  13:15  Hatchery  
  197  13:28  Hydralisk  
  197  13:30  Greater Spire  
  194  13:55  Drone x2  
  193  13:56  Drone x3  
  193  14:01  Roach x5  
  166  14:18  Roach x14  
  158  14:24  Ravager x5  
  158  14:28  Corruptor  
  158  14:30  Corruptor x7  
  170  14:45  Zerg Flyer Weapons Level 1  
  167  14:50  Drone x4  
  167  14:52  Ravager x3  
  174  14:55  Queen x2  
  178  15:01  Brood Lord x7  
  192  15:08  Brood Lord  
  194  15:34  Zerg Ground Armor Level 2  
  194  15:45  Viper x2  
  194  16:09  Spine Crawler  
  194  16:11  Spine Crawler  
  177  16:31  Drone x2  
  177  16:32  Roach x11  
  170  17:09  Hydralisk x14  
  192  17:21  Hydralisk x6  
  181  17:49  Extractor x2  
  181  17:53  Spore Crawler  
Tags
 
Add a new tag
Caveats
  • Supply blocks, unpowered buildings, or Contaminate may cause inaccurate times.
  • Supply counts are checked every 10 seconds.